 Dungeon Crawl Stone Soup version 0.29.1-13-g9f3cf754e1 (webtiles) character file.

Game seed: 14728089254315602063

371 ChrisAssaf the Charlatan (level 7, 0/50 HPs)
             Began as a Human Artificer on Jan 29, 2023.
             Killed from afar by a white imp (8 damage)
             ... with a puff of frost
             ... on level 5 of the Dungeon.
             The game lasted 00:07:22 (2140 turns).

ChrisAssaf the Charlatan (Human Artificer)          Turns: 2140, Time: 00:07:23

Health: 0/50       AC:  3    Str: 13    XL:     7   Next: 2%
Magic:  9/9        EV: 12    Int: 13    God:
Gold:   86         SH:  0    Dex: 13    Spells: 9/9 levels left

rFire   + . .      SeeInvis .   m - +5 hand axe
rCold   . . .      Faith    .   (no shield)
rNeg    . . .      Spirit   .   i - +1 robe {rF+}
rPois   .          Reflect  .   (no helmet)
rElec   .          Harm     .   (no cloak)
rCorr   .          Rampage  .   (no gloves)
Will    .....                   (no boots)
Stlth   ++........              (no amulet)
HPRegen 0.16/turn               (no ring)
MPRegen 0.11/turn               (no ring)

@: no status effects
A: no striking features
a: no special abilities


You were on level 5 of the Dungeon.
You visited 1 branch of the dungeon, and saw 5 of its levels.

You collected 86 gold pieces.

Inventory:

Hand Weapons
 a - a +0 club
 l - a +2 dagger of speed
 m - a +5 hand axe (weapon)
Armour
 b - a +0 leather armour
 i - a +1 robe of fire resistance (worn)
Wands
 c - a wand of flame (18) (quivered)
 d - a wand of charming (8)
 e - a wand of iceblast (1)
Potions
 f - 2 potions of berserk rage {unknown}
 g - a potion of attraction {unknown}
 h - a potion of flight {unknown}
 j - a potion of haste {unknown}
 k - a potion of might {unknown}


   Skills:
 * Level 2.1 Fighting
 * Level 1.3 Short Blades
 * Level 0.9(1.5) Axes
 * Level 1.9(2.1) Maces & Flails
 * Level 2.9 Armour
 * Level 2.0 Dodging
 * Level 2.1 Stealth
 * Level 1.6 Spellcasting
 * Level 4.6 Evocations


You had 9 spell levels left.
You didn't know any spells.
Your spell library contained the following spells:

 Spells                   Type           Power      Damage    Failure   Level
 Dazzling Flash           Conj/Hex       2%         N/A       61%         3
 Agony                    Necr           1%         N/A       100%        5
 Silence                  Hex/Air        0%         N/A       100%        5


Dungeon Overview and Level Annotations

Branches:
Dungeon (5/15)
 Temple: D:4-7

Altars:
Yredelemnul


Message History

The ice beast is moderately wounded.
The ice beast hits you. The ice beast freezes you!
Unknown command.
Aiming: Throw Flame
Press: ? - help, Shift-Dir - straight line, f/p - white imp
Aim: a white imp (almost dead, 74% to hit)
The puff of flame hits the ice beast!
The ice beast melts!
The ice beast is heavily wounded.
The ice beast closely misses you.
Unknown command.
Aiming: Throw Flame
Press: ? - help, Shift-Dir - straight line, f/p - white imp
Aim: a white imp (almost dead, 74% to hit)
The puff of flame hits the ice beast!
The ice beast melts!
You kill the ice beast!
Your Dodging skill increases to level 2!
Unknown command.
You hit the gnoll.
The gnoll is moderately wounded.
The gnoll hits you with a +0 flail.
You closely miss the gnoll.
The gnoll is moderately wounded.
The gnoll closely misses you.
You slash the gnoll!
The gnoll is severely wounded.
The gnoll hits you with a +0 flail! x2
* * * LOW HITPOINT WARNING * * *
Aiming: Throw Flame
Press: ? - help, Shift-Dir - straight line, f/p - white imp
Aim: a white imp (almost dead, 74% to hit)
The puff of flame hits the gnoll!
You kill the gnoll!
You have reached level 7!
Aiming: Throw Flame
Press: ? - help, Shift-Dir - straight line, f/p - white imp
Aim: a white imp (almost dead, 74% to hit)
The puff of flame misses the white imp.
The white imp gestures at you. The puff of frost hits you!
You die...

#... #..# #..# . #
#..######
....#.####.......#
.............5..>#
#####...########.#
#)..# #5# .))5.#
#@# .?.....# #.#
........# #.#
8.......# #.#
n.......# #.# #.#
#.# #.# #.#


You could see a white imp.

Vanquished Creatures
  An ice beast (D:5)
  A phantom (D:2)
  2 hounds (D:4)
  A jelly (D:5)
  4 gnolls (D:5)
  A worm (D:3)
  8 orcs (D:4)
  2 ball pythons
  An endoplasm (D:1)
  5 goblins
  10 hobgoblins
  2 quokkas (D:5)
  A kobold (D:2)
  2 rats (D:1)
41 creatures vanquished.

Vanquished Creatures (collateral kills)
  Robin (D:3)
  A ball python (D:3)
  A goblin (D:3)
  2 hobgoblins (D:3)
  A kobold (D:3)
6 creatures vanquished.

Vanquished Creatures (others)
  An orc priest (D:4)
  2 adders (D:3)
  A goblin (D:3)
  A hobgoblin (D:3)
  4 fungi (D:4)
9 creatures vanquished.

Grand Total: 56 creatures vanquished

Notes
Turn   | Place    | Note
-------+----------+-------------------------------------------
     0 | D:1      | ChrisAssaf the Human Artificer began the quest for the Orb.
     0 | D:1      | Reached XP level 1. HP: 15/15 MP: 1/1
   368 | D:1      | Reached XP level 2. HP: 13/21 MP: 2/2
   530 | D:2      | Noticed a phantom
   541 | D:2      | Killed a phantom
   542 | D:2      | Reached skill level 1 in Maces & Flails
   542 | D:2      | Reached XP level 3. HP: 12/26 MP: 2/4
   542 | D:2      | Reached XP level 4. HP: 14/32 MP: 2/5
   735 | D:2      | Reached skill level 4 in Evocations
  1136 | D:3      | Noticed Robin
  1139 | D:3      | Reached XP level 5. HP: 32/37 MP: 6/6
  1153 | D:3      | Reached skill level 1 in Spellcasting
  1173 | D:3      | Killed Robin
  1191 | D:3      | Found a basalt altar of Yredelemnul.
  1735 | D:4      | Reached XP level 6. HP: 35/44 MP: 6/8
  1763 | D:5      | Entered Level 5 of the Dungeon
  2120 | D:5      | Reached skill level 1 in Short Blades
  2123 | D:5      | Noticed an ice beast
  2135 | D:5      | Killed an ice beast
  2140 | D:5      | Reached XP level 7. HP: 8/50 MP: 9/9
  2140 | D:5      | Killed from afar by a white imp

Illustrated notes

Levels and vault maps discovered:
D:1:      lightli_arrival_statue_moat, layout_basic,
          hellmonk_ecumenical_altar_zigzags
D:2:      layout_loops_ring, serial_shops, nicolae_diamond_shop, shop,
          nicolae_shop_advertising_works [nicolae_subvault_shop_adworks],
          basic_altar, minmay_ruptured, uniq_crazy_yiuf_cottage
D:3:      layout_basic, mainiacjoe_overflow_paths, serial_shops,
          nicolae_diamond_shop, uniq_sigmund, uniq_robin
D:4:      layout_loops_cross, serial_aquarium, aquarium_bridge_straight
          [aquarium_subvault_bridge, aquarium_subvault_wall,
          aquarium_subvault_bridge, aquarium_subvault_wall],
          aquarium_window_fake, aquarium_window_fake, aquarium_window_fake,
          aquarium_view_2d, aquarium_pool_four, uniq_blork_the_orc,
          uniq_menkaure
D:5:      layout_basic, nemelex_dance_club_becter,
          mainiacjoe_overflow_cross_hatched, st_stairs_1, uniq_duvessa,
          uniq_grinder, uniq_eustachio

Skill      XL: |  1  2  3  4  5  6 |
---------------+-------------------+-----
Maces & Flails | 1 |  1.9
Evocations     | 4 |  4.6
Spellcasting   | 1 |  1.6
Fighting       | 2 |  2.1
Short Blades   | 1 |  1.3
Stealth        | 2 |  2.1
Dodging        | 2 |  2.0
Axes           | |  0.9
Armour         | |  2.9

Action                   |  1- 3 |  4- 6 |  7- 9 || total
-------------------------+-------+-------+-------++-------
Melee: Club              |    20 |    22 |       ||    42
       Dagger            |       |    55 |       ||    55
       Hand axe          |       |    15 |       ||    15
       Punch             |       |     1 |       ||     1
Evoke: Wand              |     7 |    21 |     1 ||    29
  Use: Scroll            |       |     5 |       ||     5
 Stab: Sleeping          |       |     1 |       ||     1
Armor: Leather armour    |     3 |     5 |       ||     8
       Robe              |       |    11 |       ||    11
Dodge: Dodged            |    19 |    58 |       ||    77
